 Dungeon Crawl Stone Soup version 0.17.1-3-g152610e (webtiles) character file.

187 Inkary the Skirmisher (level 5, -8/42 HPs)
             Began as a Human Abyssal Knight on Apr 18, 2016.
             Was a Believer of Lugonu.
             Killed by divine providence
             ... invoked by an orc priest
              (11 damage)
             ... on level 3 of the Dungeon.
             The game lasted 00:15:12 (4192 turns).

Inkary the Skirmisher (Human Abyssal Knight)        Turns: 4192, Time: 00:15:14

Health: -8/42      AC:  9    Str: 13    XL:     5   Next: 99%
Magic:  7/7        EV:  6    Int: 12    God:    Lugonu [**....]
Gold:   80         SH:  0    Dex: 13    Spells: 0 memorised, 4 levels left

rFire  . . .     SeeInvis .     a - +1 hand axe
rCold  . . .     Clarity  .     n - +0 chain mail
rNeg   . . .     SustAt   .     (no shield)
rPois  .         Gourm    .     (no helmet)
rElec  .         Spirit   .     (no cloak)
rCorr  .         Warding  .     (no gloves)
rMut   .         Stasis   .     (no boots)
MR     .....                    (no amulet)
Stlth  ..........               (no ring)
                                (no ring)

@: not resistant to hostile enchantments, extremely unstealthy
A: no striking features
a: Depart the Abyss, Bend Space, Renounce Religion


You were on level 3 of the Dungeon.
You worshipped Lugonu.
Lugonu was pleased with you.
You were not hungry.

You visited 1 branch of the dungeon, and saw 3 of its levels.
You visited the Abyss 1 time.

You collected 80 gold pieces.

Inventory:

Hand Weapons
 a - a +1 hand axe (weapon)
 q - a +0 battleaxe
Armour
 n - a +0 chain mail (worn)
Jewellery
 r - an uncursed ring of flight {unknown}
 t - a cursed amulet of inaccuracy {unknown}
Wands
 b - a wand of disintegration (9)
Scrolls
 e - 3 scrolls of remove curse
 j - a scroll of enchant armour {unknown}
 k - a scroll of fear {unknown}
 l - a scroll of fog {unknown}
Potions
 d - a potion of haste
 f - a potion of poison
 s - a potion of degeneration
Comestibles
 c - 3 bread rations
 g - 3 chunks of flesh
 h - 2 meat rations


   Skills:
 * Level 4.1 Fighting
 * Level 3.9 Axes
 * Level 3.0 Armour
 - Level 1.0 Dodging
 + Level 2.8 Invocations


You had 4 spell levels left.
You didn't know any spells.

Dungeon Overview and Level Annotations

Branches:
Dungeon (3/15)

Altars:
Ashenzari
Dithmenos
Sif Muna
Trog
Vehumet


Message History

The orc priest hits you but does no damage.
You hit the orc priest but do no damage.
The orc priest is severely wounded.
The orc priest invokes the aid of Beogh against you.
Something smites you!
The orc priest hits you but does no damage.
You hit the orc priest but do no damage.
The orc priest is severely wounded.
The orc priest completely misses you.
You hit the orc priest.
The orc priest is severely wounded.
The orc priest hits you with a hand axe.
* * * LOW HITPOINT WARNING * * *
You closely miss the orc priest.
The orc priest is severely wounded.
The orc priest hits you with a hand axe.
* * * LOW HITPOINT WARNING * * *
The orc priest calls down the wrath of Beogh upon you.
Something smites you!
You die...

############
######..........#
#...............# ####
#####.)###.....###..# ...
.......#####_#####..#
..........###.....###...
.###.######o............##
>........@oo..............
.........###.#############
'###...## #.####### ###.#
#.).....# #.# #######.#
#.# #.# #.# #.# #.# #.#
#.# #.#######


You could see 3 orc priests.

Vanquished Creatures
  Purgy (D:3)
  2 adders (D:2)
  An ooze (D:3)
  A worm (D:2)
  2 giant geckos
  3 orcs (D:3)
  7 bats
  2 giant cockroaches
  2 goblins
  16 hobgoblins
  6 jackals
  5 kobolds (D:1)
  A quokka (D:3)
  A ball python (D:2)
  3 giant newts
  6 rats
59 creatures vanquished.

Notes
Turn   | Place    | Note
--------------------------------------------------------------
     0 | Abyss:1  | Inkary the Human Abyssal Knight began the quest for the Orb.
     0 | Abyss:1  | Reached XP level 1. HP: 18/18 MP: 2/2
     0 | D:1      | Escaped the Abyss
   207 | D:1      | Reached * piety under Lugonu
   218 | D:1      | Reached XP level 2. HP: 21/24 MP: 3/3
   656 | D:1      | Reached XP level 3. HP: 22/29 MP: 4/4
  1461 | D:2      | Reached ** piety under Lugonu
  2106 | D:2      | Reached XP level 4. HP: 10/35 MP: 5/5
  3453 | D:3      | Found a radiant altar of Vehumet.
  3477 | D:3      | Found a shattered altar of Ashenzari.
  3579 | D:3      | Noticed Purgy
  3650 | D:3      | Killed Purgy
  3650 | D:3      | Reached skill level 4 in Fighting
  3650 | D:3      | Reached XP level 5. HP: 18/42 MP: 5/7
  3997 | D:3      | Found a deep blue altar of Sif Muna.
  3998 | D:3      | Found a shattered altar of Ashenzari.
  4007 | D:3      | Found a bloodstained altar of Trog.
  4008 | D:3      | Found a shadowy altar of Dithmenos.
  4192 | D:3      | Killed from afar by an orc priest

Action                   |  1- 3 |  4- 6 || total
-------------------------+-------+-------++-------
Melee: Hand axe          |   137 |   128 ||   265
       Battleaxe         |       |    37 ||    37
Invok: Depart the Abyss  |     1 |       ||     1
       Bend Space        |       |     1 ||     1
  Use: Scroll            |     4 |     2 ||     6
       Potion            |       |     5 ||     5
  Eat: Chunk             |     4 |     6 ||    10
       Beef jerky        |       |     1 ||     1
